 Dungeon Crawl Stone Soup version 0.29.1-15-g9cfb28693d (webtiles) character file.

Game seed: 1737805883282972638

739 Achh the Trooper (level 7, 0/62 HPs)
             Began as a Minotaur Fighter on Mar 15, 2023.
             Slain by a quokka (4 damage)
             ... on level 5 of the Dungeon.
             The game lasted 00:12:21 (4068 turns).

Achh the Trooper (Minotaur Fighter)                 Turns: 4068, Time: 00:12:21

Health: 0/62       AC:  7    Str: 23    XL:     7   Next: 46%
Magic:  6/6        EV:  9    Int:  5    God:
Gold:   215        SH:  5    Dex: 15    Spells: 6/6 levels left

rFire   . . .      SeeInvis .   a - +0 war axe
rCold   . . .      Faith    .   c - +0 buckler
rNeg    . . .      Spirit   .   b - +0 scale mail
rPois   .          Reflect  .   (helmet restricted)
rElec   .          Harm     .   (no cloak)
rCorr   .          Rampage  .   (no gloves)
Will    .....                   (no boots)
Stlth   ..........              (no amulet)
HPRegen 0.20/turn               x - +6 ring of dexterity
MPRegen 0.10/turn               (no ring)

@: lethally poisoned (0 -> -6)
A: horns 2, retaliatory headbutt
a: no special abilities


You were on level 5 of the Dungeon.
You visited 2 branches of the dungeon, and saw 6 of its levels.

You collected 215 gold pieces.

Inventory:

Hand Weapons
 a - a +0 war axe (weapon)
Missiles
 t - 15 poisoned darts (quivered)
Armour
 b - a +0 scale mail (worn)
 c - a +0 buckler (worn)
 p - a +0 pair of boots
Magical Staves
 g - a staff of air
Jewellery
 x - a +6 ring of dexterity (left hand)
Wands
 s - a wand of paralysis (5)
Scrolls
 f - 7 scrolls of identify {unknown}
 i - 3 scrolls of amnesia {unknown}
 j - 2 scrolls of fog {unknown}
 m - 2 scrolls of blinking {unknown}
 o - 2 scrolls of poison {unknown}
 q - 2 scrolls of teleportation {unknown}
 r - 2 scrolls of magic mapping {unknown}
 w - a scroll of fear {unknown}
 y - a scroll of immolation {unknown}
Potions
 d - a potion of might
 e - 4 potions of curing {unknown}
 h - a potion of degeneration {unknown}
 k - a potion of invisibility {unknown}
 l - 2 potions of berserk rage {unknown}
 n - 4 potions of brilliance {unknown}
 u - 2 potions of heal wounds {unknown}
 v - a potion of mutation {unknown}
 z - a potion of attraction {unknown}


   Skills:
 + Level 5.9 Fighting
 + Level 5.1 Axes
 + Level 2.7 Throwing
 + Level 5.8 Armour
 + Level 5.8 Shields


You had 6 spell levels left.
You didn't know any spells.
Your spell library contained the following spells:

 Spells                   Type           Power      Damage    Failure   Level
 Sting                    Tmut/Pois      0%         1d3       85%         1
 Gell's Gravitas          Tloc           0%         N/A       99%         3
 Teleport Other           Tloc           0%         N/A       99%         3
 Dispersal                Tloc           0%         N/A       100%        6


Dungeon Overview and Level Annotations

Branches:
Dungeon (5/15)             Temple (1/1) D:4

Altars:
Cheibriados
Dithmenos
Elyvilon
Kikubaaqudgha
Ru
Sif Muna
Trog
Xom
The Shining One

Shops:
D:2 [


Innate Abilities, Weirdness & Mutations

You have a pair of horns on your head.
You reflexively headbutt those who attack you in melee.


Message History

The iguana is severely wounded.
You closely miss the scorpion.
You feel very sick.
The scorpion stings you but does no damage.
The iguana bites you.
You slash the iguana!
You kill the iguana!
You barely miss the scorpion.
You feel very sick.
The scorpion stings you but does no damage.
The scorpion stings you.
You are more poisoned.
The scorpion poisons you!
A quokka comes into view.
You feel very sick. The scorpion barely misses you. You furiously retaliate!
You headbutt the scorpion! You hit the scorpion but do no damage.
The scorpion is heavily wounded.
You feel very sick. You block the scorpion's attack. The scorpion stings you.
You are lethally poisoned!
The scorpion poisons you!
You slash the scorpion!
You kill the scorpion!
* * * LOW HITPOINT WARNING * * *
You feel extremely sick.
* * * LOW HITPOINT WARNING * * *
You feel very sick.
You miss the quokka.
* * * LOW HITPOINT WARNING * * *
You feel very sick.
The quokka bites you but does no damage.
Unknown command.
You barely miss the quokka.
* * * LOW HITPOINT WARNING * * *
You feel very sick.
The quokka bites you but does no damage.
The quokka bites you.
You die...

#.....#......# .
...#......# #.#..#.>....#
.... . #.#.........
.....#.## .<#.........#
.....#..###..>...!....
.....##.#... #.r..##
.....##...#.###.@...#
......#..# ..##.#.#..#
......#..###.#....# ....
...............##.#######
......#.###............#...
...####.###...###..........
..## #.#......##..########
.## #....##.....## ##
#..#.##..##.#


You could see a quokka.

Vanquished Creatures
  Sigmund (D:4)
  2 ogres
  2 scorpions
  2 orc priests
  A hound (D:5)
  A jelly (D:4)
  3 iguanas
  3 adders
  2 worms
  3 dart slugs
  5 orcs
  4 ball pythons
  5 bats
  7 endoplasms
  A giant cockroach (D:2)
  8 hobgoblins
  13 jackals
  3 quokkas
  2 frilled lizards
  2 goblins
  4 kobolds
  4 rats
78 creatures vanquished.

Notes
Turn   | Place    | Note
-------+----------+-------------------------------------------
     0 | D:1      | Achh the Minotaur Fighter began the quest for the Orb.
     0 | D:1      | Reached XP level 1. HP: 19/19 MP: 0/0
   253 | D:1      | Reached XP level 2. HP: 27/27 MP: 1/1
   490 | D:1      | Found a faded altar of an unknown god.
   514 | D:1      | Got Plato's Parchment of the Figure
   831 | D:2      | Reached XP level 3. HP: 33/33 MP: 2/2
  1267 | D:2      | Found Vowix's Antique Armour Emporium.
  1497 | D:3      | Reached XP level 4. HP: 41/41 MP: 3/3
  2170 | D:3      | Found an ancient bone altar of Kikubaaqudgha.
  2418 | D:4      | Noticed a scorpion
  2423 | D:4      | Killed a scorpion
  2424 | D:4      | Reached XP level 5. HP: 40/47 MP: 4/4
  2446 | D:4      | Reached skill level 1 in Throwing
  2542 | D:4      | Found a shimmering altar of Xom.
  2542 | D:4      | Found a shimmering altar of Xom.
  2544 | D:4      | Found a shimmering altar of Xom.
  2552 | D:4      | Found a shimmering altar of Xom.
  2574 | D:4      | Noticed an ogre
  2582 | D:4      | Killed an ogre
  2583 | D:4      | Reached skill level 5 in Fighting
  2583 | D:4      | Reached skill level 5 in Armour
  2583 | D:4      | Reached skill level 5 in Shields
  2583 | D:4      | Reached XP level 6. HP: 12/56 MP: 5/5
  3020 | D:4      | Noticed Sigmund
  3034 | D:4      | Killed Sigmund
  3207 | D:4      | Found a staircase to the Ecumenical Temple.
  3236 | Temple   | Entered the Ecumenical Temple
  3459 | D:4      | Found a bloodstained altar of Trog.
  3677 | D:5      | Entered Level 5 of the Dungeon
  3690 | D:5      | Reached XP level 7. HP: 46/61 MP: 6/6
  4034 | D:5      | Reached skill level 5 in Axes
  4068 | D:5      | Slain by a quokka

Illustrated notes

Levels and vault maps discovered:
D:1:      minmay_arrival_four_circles, layout_rooms,
          shapermc_ecumenical_altar_rom_forum
D:2:      layout_basic, serial_shops, shop
D:3:      layout_basic, mainiacjoe_overflow_boulevard
D:4:      layout_cave_pools, xom_redecorated,
          mainiacjoe_overflow_surrounded_room, minmay_temple_entry_proselytizer,
          minivault_24, reono_crystal_passage, uniq_sigmund
D:5:      layout_rooms, zin_purify, uniq_menkaure
Temple:   hellmonk_temple_flake

Skill      XL: |  1  2  3  4  5  6  7 |
---------------+----------------------+-----
Fighting       | 4 5 |  5.9
Armour         | 4 5 |  5.8
Shields        | 4 5 |  5.8
Axes           | 3 4 5 |  5.1
Throwing       | 1 2 |  2.7

Action                   |  1- 3 |  4- 6 |  7- 9 || total
-------------------------+-------+-------+-------++-------
Melee: War axe           |    93 |    67 |    22 ||   182
       Headbutt          |     7 |     6 |     1 ||    14
  Use: Potion            |       |     1 |       ||     1
Armor: Scale mail        |    55 |    29 |    10 ||    94
Dodge: Dodged            |    90 |    30 |    10 ||   130
Block: Buckler           |    29 |     9 |     9 ||    47
